 Dungeon Crawl Stone Soup version 0.32-a0-540-g866d13106e (webtiles) character file.

Game seed: 10951378267418875776

2051 zenocrate the Carver (level 9, -18/72 HPs)
             Began as a Coglin Gladiator on Feb 28, 2024.
             Was a Believer of Ru.
             Killed from afar by Joseph (20 damage)
             ... with a bolt of light
             ... on level 7 of the Dungeon.
             The game lasted 00:05:47 (5449 turns).

zenocrate the Carver (Coglin Gladiator)             Turns: 5449, Time: 00:05:48

Health: -18/72     AC:  5    Str: 15    XL:     9   Next: 25%
Magic:  9/9        EV: 12    Int:  8    God:    Ru [**....]
Gold:   48         SH:  0    Dex: 19    Spells: 8/8 levels left

rFire   . . .        a - +0 long sword {Latda}
rCold   . . .        l - +1 long sword (holy) {Suni}
rNeg    . . .        b - +0 leather armour
rPois   .            c - +0 helmet
rElec   .            m - +0 cloak
rCorr   .            (no gloves)
SInv    .            (no boots)
Will    .....        f - amulet of faith
Stlth   +            (ring unavailable)
HPRegen 0.32/turn    (ring unavailable)
MPRegen 0.11/turn

%: faith
@: studying Armour, revving
A: hated by all, off-hand wielding, slow wielding, warmup strikes, no rings
a: Renounce Religion


You were on level 7 of the Dungeon.
You worshipped Ru.
Ru was pleased with you.
You visited 2 branches of the dungeon, and saw 8 of its levels.

You collected 243 gold pieces.
You spent 195 gold pieces at shops.

Inventory:

Hand Weapons
 a - a +0 long sword (weapon) {Latda}
 h - a +0 short sword {Synnove}
 l - a +1 long sword of holy wrath (offhand) {Suni}
Missiles
 d - 3 throwing nets
 e - 5 javelins
 q - 6 atropa-tipped darts (quivered)
Armour
 b - a +0 leather armour (worn)
 c - a +0 helmet (worn)
 m - a +0 cloak (worn)
Jewellery
 f - an amulet of faith (around neck)
Wands
 s - a wand of polymorph (6)
 A - a wand of flame (28)
Scrolls
 g - a scroll of fog {unknown}
 j - 2 scrolls of teleportation {unknown}
 k - a scroll of silence {unknown}
 n - a scroll of blinking {unknown}
 o - 4 scrolls of amnesia
 p - a scroll of revelation {unknown}
 u - a scroll of brand weapon {unknown}
 v - a scroll of immolation {unknown}
 y - a scroll of noise {unknown}
 B - 2 scrolls of fear {unknown}
Potions
 i - 3 potions of berserk rage
 w - 2 potions of curing
 x - a potion of brilliance
 z - a potion of cancellation {unknown}


   Skills:
 + Level 7.0 Fighting
 + Level 10.2 Long Blades
 - Level 1.7 Throwing
 - Level 2.6 Dodging


You had 8 spell levels left.
You didn't know any spells.
Your spell library contained the following spells:

 Spells                   Type           Power      Damage    Failure   Level
 Sandblast                Erth           0%         2d4       47%         1
 Passwall                 Erth           0%         N/A       85%         3
 Stone Arrow              Conj/Erth      0%         3d7       85%         3
 Brom's Barrelling Bould  Conj/Erth      0%         2d3       99%         4


Dungeon Overview and Level Annotations

Branches:
Dungeon (7/15)             Temple (1/1) D:6

Altars:
Ashenzari
Cheibriados
Dithmenos
Elyvilon
Gozag
Kikubaaqudgha
Makhleb
Nemelex Xobeh
Okawaru
Qazlal
Ru
Sif Muna
Trog
Uskayaw
Vehumet
Wu Jian
Xom
Zin
The Shining One

Shops:
D:1 (

Annotations:
D:7 Joseph


Innate Abilities, Weirdness & Mutations

You are hated by all.
You can wield a second weapon in your off-hand.
It takes a long time for you to wield or remove held weapons.
Your first few attacks do less damage.
Your grasper-arms cannot wear rings.


Message History

You kill the orc!
There are monsters nearby!
The orc closely misses you.
The orc warrior hits you with a +0 battleaxe!
Things that are here:
a +0 trident; a +0 ring mail; an orc corpse You barely miss the orc warrior with your +1 long sword of holy wrath.
You hit the orc warrior but do no damage.
The orc hits you but does no damage. The orc warrior barely misses you.
You closely miss the orc warrior with your +1 long sword of holy wrath.
You hit the orc warrior but do no damage.
The orc barely misses you.
The orc warrior hits you with a +0 battleaxe!
The orc hits you but does no damage.
You slash the orc warrior with your +1 long sword of holy wrath!
The orc warrior is moderately wounded.
You closely miss the orc warrior with your +0 long sword.
The orc warrior hits you with a +0 battleaxe!
Joseph zaps a wand.
The bolt of light hits you!
* * * LOW HITPOINT WARNING * * *
The orc misses you. The orc hits you but does no damage.
Okay, then.
Okay, then.
Okay, then.
Okay, then.
You feel better. The orc hits you with a +0 hand axe.
The orc warrior is stunned by your conviction and fails to attack.
Joseph unwields a +0 quarterstaff.
Joseph wields a +0 sling.
Joseph shoots a sling bullet.
The sling bullet hits you!!
* * * LOW HITPOINT WARNING * * *
The orc hits you with a +0 club.
* * * LOW HITPOINT WARNING * * *
Okay, then.
Okay, then.
The orc attacks as it pursues you! The orc barely misses you.
Joseph zaps a wand.
The bolt of light hits the orc!!
The orc dies!
The bolt of light hits you!!
You die...
Ru respects your ultimate sacrifice.

#...# #
#.#.#.#.#
#...#.#.##
#...#....#
#........#
#...#.#..#
##..<.....#
##....#....#
#.....@....#
#..####)oo..#
...#...@.....#
.. #.###.##..#
. ... ..# ####
##


You could see Joseph, an orc warrior and an orc.

Vanquished Creatures
  A cyclops (D:6)
  Grinder (D:6)
  Sigmund (D:6)
  Eustachio (D:5)
  An acid dragon (D:6)
  A water moccasin (D:6)
  An ice beast (D:6)
  2 sky beasts (D:6)
  An ogre (D:4)
  A centaur (D:6)
  A scorpion (D:4)
  2 bombardier beetles
  Crazy Yiuf (D:3)
  3 sleepcaps
  3 iguanas
  3 gnolls (D:6)
  7 adders
  A shadow imp (D:5)
  A white imp (D:6)
  4 dart slugs
  13 orcs
  7 bats
  6 endoplasms
  4 giant cockroaches
  8 hobgoblins
  9 jackals
  11 kobolds
  6 quokkas
  5 ball pythons
  2 frilled lizards
  10 goblins
  A rat (D:2)
119 creatures vanquished.

Vanquished Creatures (others)
  An orc (D:7)
1 creature vanquished.

Grand Total: 120 creatures vanquished

Notes
Turn   | Place    | Note
-------+----------+-------------------------------------------
     0 | D:1      | zenocrate the Coglin Gladiator began the quest for the Orb.
     0 | D:1      | Reached XP level 1. HP: 16/16 MP: 1/1
   121 | D:1      | Reached XP level 2. HP: 22/22 MP: 2/2
   426 | D:1      | Found Jehodaed's Antique Weapon Boutique.
   531 | D:1      | Reached skill level 4 in Long Blades
   788 | D:2      | Reached XP level 3. HP: 27/27 MP: 3/3
  1371 | D:2      | Reached XP level 4. HP: 33/33 MP: 4/4
  1493 | D:3      | Found a basalt altar of Yredelemnul.
  1500 | D:3      | Found a sacrificial altar of Ru.
  1505 | D:3      | Reached skill level 5 in Long Blades
  1511 | D:3      | Found a burning altar of Makhleb.
  1522 | D:3      | Found an iron altar of Okawaru.
  1529 | D:3      | Found a white marble altar of Elyvilon.
  1535 | D:3      | Found a sparkling altar of Nemelex Xobeh.
  1543 | D:3      | Found a shimmering altar of Xom.
  1707 | D:3      | Became a worshipper of Ru the Awakened
  2118 | D:3      | Reached XP level 5. HP: 37/38 MP: 5/5
  2184 | D:3      | Found a runed translucent door.
  2185 | D:3      | Noticed Crazy Yiuf
  2326 | D:3      | Killed Crazy Yiuf
  2476 | D:4      | Reached skill level 6 in Long Blades
  2499 | D:4      | Noticed an ogre
  2513 | D:4      | Found a shimmering blue altar of Sif Muna.
  2515 | D:4      | Killed an ogre
  2516 | D:4      | Reached XP level 6. HP: 44/44 MP: 6/6
  2666 | D:4      | Reached skill level 7 in Long Blades
  3041 | D:4      | Gained mutation: You are hated by all. [Ru sacrifice]
  3041 | D:4      | Reached * piety under Ru
  3041 | D:4      | Reached ** piety under Ru
  3410 | D:5      | Entered Level 5 of the Dungeon
  3518 | D:5      | Reached XP level 7. HP: 50/50 MP: 7/7
  3618 | D:5      | Noticed Eustachio
  3634 | D:5      | Killed Eustachio
  3635 | D:5      | Reached skill level 8 in Long Blades
  4421 | D:6      | Found a staircase to the Ecumenical Temple.
  4542 | D:1      | Bought a runed long sword for 195 gold pieces
  4619 | D:6      | Noticed a cyclops
  4640 | D:6      | Reached XP level 8. HP: 44/60 MP: 8/8
  4646 | D:6      | Killed a cyclops
  4647 | D:6      | Reached skill level 5 in Fighting
  4647 | D:6      | Reached skill level 9 in Long Blades
  4670 | D:6      | HP: 2/63 [burnt (3)]
  5033 | Temple   | Entered the Ecumenical Temple
  5118 | D:6      | Noticed Sigmund
  5128 | D:6      | Reached XP level 9. HP: 58/71 MP: 9/9
  5135 | D:6      | Killed Sigmund
  5136 | D:6      | Reached skill level 10 in Long Blades
  5282 | D:6      | Noticed Grinder
  5295 | D:6      | Killed Grinder
  5442 | D:7      | Noticed Joseph
  5448 | D:7      | HP: 2/72 [orc/+0 club (3)]
  5449 | D:7      | Killed from afar by Joseph

Illustrated notes

Levels and vault maps discovered:
D:1:      amcnicky_arrival_feature_with_door, layout_basic, serial_shops,
          nicolae_shop_gibbet_a_chance
D:2:      layout_basic
D:3:      layout_loops_ring, grunt_temple_overflow_octagram,
          amcnicky_mini_corridor_feature, serial_bayou_ford_a,
          uniq_crazy_yiuf_cottage
D:4:      layout_basic, mainiacjoe_overflow_concentric_impassable,
          hellmonk_no_cap
D:5:      layout_loops_cross, uniq_eustachio
D:6:      layout_basic, minmay_temple_entry_junction_2, minmay_manual_mail,
          uniq_sigmund, uniq_grinder
D:7:      minmay_the_grid_octo_2x2 [minmay_the_grid_octo_chip,
          minmay_the_grid_octo_horde, minmay_the_grid_octo_pinwheel,
          minmay_the_grid_octo_prize_single_spiral], layout_basic, minivault_27,
          worms_lemuel, uniq_pikel, uniq_joseph
Temple:   jpeg_temple_clearing

Skill      XL: |  1  2  3  4  5  6  7  8  9 |
---------------+----------------------------+-----
Long Blades    | 4 5 6 7 8 9 10 | 10.2
Fighting       | 4 6 7 |  7.0
Throwing       | |  1.7
Dodging        | |  2.6

Action                     |  1- 3 |  4- 6 |  7- 9 || total
---------------------------+-------+-------+-------++-------
  Melee: Long sword        |    89 |   108 |   195 ||   392
         Short sword       |    42 |    95 |    34 ||   171
  Throw: Dart              |       |     1 |       ||     1
 Invoke: Sacrifice Love    |       |     1 |       ||     1
    Use: Scroll            |       |       |     6 ||     6
         Potion            |       |       |     4 ||     4
   Stab: Distracted        |     1 |       |       ||     1
         Sleeping          |     2 |     4 |       ||     6
         Invisible         |       |       |     1 ||     1
 Armour: Leather armour    |    51 |    64 |    87 ||   202
  Dodge: Dodged            |    48 |    69 |    66 ||   183

Table legend: (Time is in decaauts)
 A = Elapsed time spent in this place.
 B = Non-inter-level travel time spent in this place.
 C = Inter-level travel time spent in this place.
 D = Time resting spent in this place.
 E = Time spent auto-exploring this place.
 F = Levels seen in this place.
 G = Mean time per level.
                   A        B        C        D        E       F      G
               +--------+--------+--------+--------+--------+-----+--------+
         Total |   5465 |   4891 |    574 |      3 |   3964 |   8 |  683.1 |
       Dungeon |   5402 |   4828 |    574 |      3 |   3903 |   7 |  771.7 |
        Temple |     62 |     62 |      0 |      0 |     61 |   1 |   62.0 |
               +--------+--------+--------+--------+--------+-----+--------+

Top non-repeatable levels by time:
     D:3: 1044 daAuts
     D:4: 987 daAuts
     D:6: 894 daAuts
     D:5: 844 daAuts
     D:1: 824 daAuts
     D:2: 798 daAuts
  Temple: 62 daAuts
     D:7: 8 daAuts
